 Dungeon Crawl Stone Soup version 0.27-a0-216-g1fbed8a51c (webtiles) character file.

Game seed: 10149223582662018219

7017 timneilson the Protected (level 11, -3/67 HPs)
             Began as a Gargoyle Fighter on Feb 1, 2021.
             Was an Elder of Okawaru.
             Killed by refrigeration
             ... invoked by Fannar
              (26 damage)
             ... on level 10 of the Dungeon.
             The game lasted 00:18:06 (9390 turns).

timneilson the Protected (Gargoyle Fighter)         Turns: 9390, Time: 00:18:07

Health: -3/67      AC: 26    Str: 23    XL:     11   Next: 8%
Magic:  10/15      EV:  9    Int:  9    God:    Okawaru [****..]
Gold:   792        SH: 14    Dex:  9    Spells: 10/10 levels left

rFire    . . .     SeeInvis .   a - +1 long sword
rCold    . . .     Faith    .   c - +1 kite shield
rNeg     + . .     Spirit   .   o - +0 plate armour
rPois    ∞         Reflect  .   (no helmet)
rElec    +         Harm     .   r - +0 cloak
rCorr    .         Rampage  .   (no gloves)
Will     .....                  (no boots)
Stlth    ..........             (no amulet)
HPRegen  0.21/turn              (no ring)
MPRegen  0.14/turn              (no ring)

@: heroism, finesse
A: negative energy resistance 1, electricity resistance, unbreathing,
petrification resistance, miasma immunity, AC +8
a: Renounce Religion, Heroism


You were on level 10 of the Dungeon.
You worshipped Okawaru.
Okawaru was greatly pleased with you.
You visited 1 branch of the dungeon, and saw 10 of its levels.
You visited the Abyss 1 time.

You collected 792 gold pieces.

Inventory:

Hand Weapons
 a - a +1 long sword (weapon)
Armour
 c - a +1 kite shield (worn)
 o - a +0 plate armour (worn)
 r - a +0 cloak (worn)
Wands
 j - a wand of paralysis (8)
 k - a wand of flame (17)
 n - a wand of acid (2)
 z - a wand of digging (5)
Scrolls
 f - 4 scrolls of remove curse
 h - 6 scrolls of amnesia
 l - 2 scrolls of fear
 p - 2 scrolls of teleportation
 v - 3 scrolls of enchant weapon
 w - a scroll of fog
Potions
 b - 3 potions of ambrosia
 d - 2 potions of attraction
 e - 5 potions of curing
 g - a potion of mutation
 i - a potion of magic
 m - 3 potions of lignification
 q - 3 potions of flight
 s - 2 potions of brilliance
 t - 2 potions of heal wounds
 x - 2 potions of might
Miscellaneous
 y - a tin of tremorstones (1/2)


   Skills:
 + Level 7.1(12.1) Fighting
 * Level 7.6(12.6) Long Blades
 * Level 9.5(14.5) Armour
 * Level 9.4(14.4) Shields
 + Level 5.9 Invocations
 + Level 3.8 Evocations


You had 10 spell levels left.
You didn't know any spells.
Your spell library contained the following spells:

 Spells                   Type           Power        Failure   Level
 Slow                     Hex            0%           99%         2
 Metabolic Englaciation   Hex/Ice        0%           100%        5
 Yara's Violent Unravell  Hex/Tmut       0%           100%        5
 Discord                  Hex            0%           100%        8


Dungeon Overview and Level Annotations

Branches:
Dungeon (10/15)            Temple (0/1) D:7            Lair (0/6) D:9
    Orc: D:9-12

Altars:
Cheibriados
Dithmenos
Gozag
Nemelex Xobeh
Okawaru
Sif Muna
Trog
Wu Jian

Annotations:
D:8 2 transporters, Morgoth's ghost, novice DgDe
D:10 Fannar


Innate Abilities, Weirdness & Mutations

You are resistant to torment.
Your stone body is resilient. (AC +8)
You are immune to poison.
You resist negative energy. (rN+)
You are resistant to electric shocks. (rElec)
You can survive without breathing.
You are immune to petrification.
You are immune to miasma.


Message History

Fannar is almost dead.
Fannar hits you but does no damage.
You hit Fannar.
Fannar is almost dead.
You block the ice beast's attack.
You miss Fannar.
Fannar is almost dead.
You block Fannar's attack.
You hit Fannar but do no damage.
Fannar is almost dead.
You feel like a meek peon again. You block the ice beast's attack.
You hit Fannar but do no damage.
Fannar is almost dead.
Unknown command.
You gain the combat prowess of a mighty hero.
Fannar gestures wildly while chanting.
Fannar drains the heat from the surrounding environment!
You feel very cold.
You die...

#.......#
#.......#
#.......#
#.......#
#^......#
#.......#######
#.......#.....#
#....Y........#
#...e@..#.....#
#.......#.....#
#########.....#
###.### #.# #.#
#.########
#........#
########.#


You could see Fannar (icy armour) and an ice beast (summoned).

Vanquished Creatures
  Maurice (D:9)
  A komodo dragon (D:9)
  Psyche (D:9)
  A troll (D:9)
  Sigmund (D:3)
  Grum (D:10)
  3 yaks (D:9)
  5 water moccasins
  2 black bears (D:9)
  5 orc warriors
  3 phantoms
  An ice beast (D:7)
  2 sky beasts
  3 wolves (D:10)
  2 centaurs
  4 ogres
  9 bullfrogs
  A big kobold (D:8)
  4 scorpions
  A killer bee (D:9)
  10 wights
  2 howler monkeys
  5 hounds
  A quasit (Abyss:1)
  A centaur zombie (D:9)
  5 bullfrog skeletons
  A jelly (D:6)
  3 orc priests
  12 orc wizards
  An iguana (D:5)
  10 worker ants
  A howler monkey skeleton (D:4)
  7 adders
  A shadow imp (D:5)
  3 white imps
  An ufetubus (D:9)
  5 oozes
  4 worms
  3 dart slugs (D:2)
  7 leopard geckos
  70 orcs
  6 giant cockroaches
  7 goblins
  7 hobgoblins
  15 jackals
  11 kobolds
  7 quokkas
  A ball python (D:5)
  5 bats
  3 frilled lizards
  A jackal zombie (D:6)
  2 leopard gecko zombies (D:9)
  2 quokka skeletons
  7 rats
278 creatures vanquished.

Vanquished Creatures (others)
  46 fungi
  61 plants
107 creatures vanquished.

Grand Total: 385 creatures vanquished

Notes
Turn   | Place    | Note
-------+----------+-------------------------------------------
     0 | D:1      | timneilson the Gargoyle Fighter began the quest for the
                  | Orb.
     0 | D:1      | Reached XP level 1. HP: 14/14 MP: 1/1
    65 | D:1      | Reached XP level 2. HP: 17/19 MP: 2/2
   540 | D:1      | Reached XP level 3. HP: 23/23 MP: 3/3
  1106 | D:2      | Found an iron altar of Okawaru.
  1106 | D:2      | Found an opulent altar of Gozag.
  1109 | D:2      | Became a worshipper of Warmaster Okawaru
  1276 | D:2      | Reached XP level 4. HP: 25/28 MP: 4/4
  1588 | D:2      | Reached skill level 1 in Invocations
  1588 | D:2      | Reached XP level 5. HP: 22/33 MP: 5/5
  1990 | D:3      | Noticed Sigmund
  2011 | D:3      | Killed Sigmund
  2011 | D:3      | Reached * piety under Okawaru
  2012 | D:3      | Reached XP level 6. HP: 31/38 MP: 5/7
  2836 | D:4      | Reached skill level 5 in Armour
  2836 | D:4      | Reached skill level 5 in Shields
  2836 | D:4      | Reached XP level 7. HP: 22/43 MP: 6/8
  3118 | D:4      | Reached ** piety under Okawaru
  4105 | D:5      | Entered Level 5 of the Dungeon
  4208 | D:5      | Reached XP level 8. HP: 37/48 MP: 10/10
  4681 | D:5      | Found a shimmering blue altar of Sif Muna.
  5069 | D:5      | Found an ornate altar of the Wu Jian Council.
  5382 | D:6      | Reached skill level 5 in Fighting
  5418 | D:6      | Reached skill level 5 in Long Blades
  5635 | D:6      | Found a snail-covered altar of Cheibriados.
  5668 | D:6      | Found a sparkling altar of Nemelex Xobeh.
  5772 | D:6      | Reached XP level 9. HP: 36/54 MP: 11/11
  5924 | D:6      | Reached skill level 1 in Evocations
  6476 | D:7      | Found a staircase to the Ecumenical Temple.
  6586 | D:7      | Found a shadowy altar of Dithmenos.
  7067 | D:8      | Reached *** piety under Okawaru
  7098 | D:8      | Identified the +2 spear of Extinguishment {vamp, Dex+3}
  7220 | D:8      | Found a transporter.
  7224 | D:8      | Identified the ring of Taykuriss {rF+ Will+ AC+4 Str-3
                  | Stlth+}
  7225 | D:8      | Found a transporter.
  7238 | D:8      | Noticed Morgoth's ghost (novice DgDe)
  7785 | D:8      | Reached XP level 10. HP: 58/60 MP: 13/13
  7871 | D:9      | Noticed Psyche
  7888 | D:9      | Cast into level 1 of the Abyss (Psyche)
  7893 | Abyss:1  | Found a corrupted altar of Lugonu.
  7933 | Abyss:1  | Noticed a worldbinder
  7937 | D:9      | Escaped the Abyss
  7941 | D:9      | Killed Psyche
  7942 | D:9      | Reached skill level 5 in Invocations
  7973 | D:9      | Reached **** piety under Okawaru
  7975 | D:9      | Received a gift from Okawaru
  8171 | D:9      | Found a staircase to the Lair.
  8570 | D:9      | Identified Daptocso's Compendium of Malediction
  8576 | D:9      | Found a bloodstained altar of Trog.
  8879 | D:9      | Noticed Maurice
  8899 | D:9      | Killed Maurice
  8900 | D:9      | Found an iron altar of Okawaru.
  9194 | D:10     | Entered Level 10 of the Dungeon
  9219 | D:9      | Reached ***** piety under Okawaru
  9226 | D:9      | Reached XP level 11. HP: 67/67 MP: 15/15
  9233 | D:10     | Noticed Grum
  9246 | D:10     | Killed Grum
  9333 | D:10     | Noticed Fannar
  9390 | D:10     | Killed from afar by Fannar

Illustrated notes

Levels and vault maps discovered:
D:1:      psy_arrival_spokes, layout_basic, serial_bayou, serial_bayou_pond_e,
          serial_bayou_pond_c, serial_bayou_lake_a, serial_bayou_pond_d,
          serial_bayou_pond_c, amcnicky_mini_corridor_feature
D:2:      layout_loops_ring, gammafunk_temple_overflow_elements
D:3:      layout_loops_cross, uniq_sigmund
D:4:      minmay_door_path, layout_basic
D:5:      layout_basic, old_standard_altar, nzn_wu_jian_council_hall
D:6:      layout_cave_pools, basic_altar, nemelex_dance_club_becter
D:7:      layout_loops_cross, minmay_temple_entry_mist,
          nicolae_dithmenos_the_darkroom
D:8:      layout_loops_cross, gammafunk_ghost_gnarly_gnolls
D:9:      cheibrodos_barr_body, layout_loops_ring, lightli_temple_of_fire,
          due_lair_maze_entry_diamond, okawaru_gym_becter, uniq_psyche,
          uniq_maurice
D:10:     layout_basic, gammafunk_ghost_split, chequers_serial_rivers_small_b,
          nicolae_ru_path_of_blood, uniq_fannar, uniq_erica, uniq_grum

Skill      XL: |  1  2  3  4  5  6  7  8  9 10 |
---------------+-------------------------------+-----
Long Blades    | 2 3 4 5 6 7 |  7.6
Armour         | 4 5 6 8 9 |  9.5
Shields        | 4 5 6 8 9 |  9.4
Invocations    | 1 2 3 4 5 |  5.9
Fighting       | 4 5 6 7 |  7.1
Evocations     | 2 3 |  3.8

Action                   |  1- 3 |  4- 6 |  7- 9 | 10-12 || total
-------------------------+-------+-------+-------+-------++-------
Melee: Long sword        |   130 |   221 |   673 |   416 ||  1440
Invok: Heroism           |       |     1 |     9 |    12 ||    22
       Finesse           |       |       |       |     1 ||     1
Evoke: Wand              |       |       |       |     4 ||     4
       Tin of tremorston |       |       |       |     1 ||     1
  Use: Scroll            |     3 |     8 |    14 |     2 ||    27
       Potion            |       |     3 |     3 |       ||     6
Armor: Scale mail        |    67 |    38 |       |       ||   105
       Chain mail        |       |    96 |   337 |    48 ||   481
       Skin              |       |       |    28 |       ||    28
       Plate armour      |       |       |       |   182 ||   182
Dodge: Dodged            |    40 |    60 |   171 |   101 ||   372
Block: Kite shield       |    72 |   126 |   452 |   283 ||   933
       Rpst.: Long sword |    15 |    22 |    49 |    30 ||   116

Table legend: (Time is in decaauts)
 A = Elapsed time spent in this place.
 B = Non-inter-level travel time spent in this place.
 C = Inter-level travel time spent in this place.
 D = Time resting spent in this place.
 E = Time spent auto-exploring this place.
 F = Levels seen in this place.
 G = Mean time per level.
                   A        B        C        D        E       F      G
               +--------+--------+--------+--------+--------+-----+--------+
         Total |   9743 |   9522 |    221 |     92 |   6686 |  11 |  885.7 |
       Dungeon |   9693 |   9472 |    221 |     92 |   6686 |  10 |  969.3 |
         Abyss |     49 |     49 |      0 |      0 |      0 |   1 |   49.0 |
               +--------+--------+--------+--------+--------+-----+--------+

Top non-repeatable levels by time:
     D:4: 1437 daAuts
     D:9: 1291 daAuts
     D:5: 1271 daAuts
     D:1: 1118 daAuts
     D:2: 1011 daAuts
     D:8: 928 daAuts
     D:7: 855 daAuts
     D:6: 854 daAuts
     D:3: 786 daAuts
    D:10: 139 daAuts
 Abyss:1: 49 daAuts
